Map: Moonlight Madness LE (Void)

Players

Slaimon

  • Race: Protoss Protoss
  • League: Bronze

SticklerMac - Winner!

  • Race: Zerg Zerg
  • League: Bronze

VOD

Have the link to the VOD?

Description

Time

  • Played on: Aug. 12, 2015, 10:44 a.m.
  • Length: 9:47
Show
View Real Time Build Order
Export as new Build Order

Slaimon Protoss 

Build Orders: Oracle Opening 

Get SALT Encoding   

  12  0:01  Probe  
  14  0:20  Probe, Pylon  
  14  0:38  Probe  
  15  0:44  Gateway  
  15  0:49  Assimilator  
  15  0:51  Probe  
  15  0:57  Pylon  
  15  1:04  Probe (Chrono Boost)  
  15  1:07  Assimilator  
  16  1:17  Probe (Chrono Boost)  
  17  1:23  Probe (Chrono Boost)  
  18  1:33  Cybernetics Core  
  18  1:40  Probe (Chrono Boost)  
  18  1:44  Zealot (Chrono Boost)  
  21  1:50  Probe (Chrono Boost)  
  22  1:57  Probe  
  22  1:58  Pylon  
  23  2:10  Mothership Core  
  23  2:11  Warp Gate  
  25  2:25  Zealot  
  25  2:29  Stargate  
  27  2:35  Probe  
  28  2:48  Probe  
  29  3:08  Nexus  
  29  3:13  Oracle (Chrono Boost)  
  29  3:17  Probe  
  33  3:29  Probe  
  33  3:32  Pylon  
  34  3:34  Pylon  
  34  3:47  Probe  
  35  3:57  Gateway  
  35  3:59  Gateway, Probe  
  36  4:18  Probe  
  37  4:29  Robotics Facility  
  37  4:31  Gateway  
  37  4:37  Probe (Chrono Boost)  
  39  4:40  Oracle  
  39  4:43  Probe (Chrono Boost)  
  42  5:07  Probe x2  
  44  5:16  Warp Prism (Chrono Boost)  
  44  5:19  Probe  
  47  5:32  Probe  
  47  5:33  Probe  
  49  5:42  Pylon  
  49  5:43  Pylon  
  49  5:44  Probe  
  49  5:45  Probe  
  51  5:53  Robotics Bay  
  51  5:58  Zealot x4  
  51  6:02  Probe x2  
  61  6:07  Assimilator  
  61  6:10  Assimilator  
  61  6:19  Immortal (Chrono Boost)  
  65  6:27  Zealot x4  
  65  6:30  Probe  
  74  6:35  Pylon  
  74  6:36  Pylon  
  74  6:47  Zealot x2  
  74  6:48  Zealot x2  
  74  6:53  Immortal  
  82  7:05  Phoenix (Chrono Boost)  
  78  7:08  Stalker x2  
  78  7:09  Stalker x2  
  86  7:17  Pylon  
  86  7:18  Pylon  
  86  7:29  Phoenix (Chrono Boost)  
  88  7:32  Stalker  
  90  7:38  Stalker  
  90  7:40  Stalker  
  94  7:46  Forge  
  94  7:47  Phoenix (Chrono Boost)  
  96  8:10  Phoenix (Chrono Boost)  
  98  8:14  Stalker x2  
  98  8:15  Stalker  
  104  8:22  Phoenix (Chrono Boost)  
  106  8:32  Stalker  
  108  8:37  Photon Cannon  
  108  8:45  Photon Cannon  
  102  9:14  Phoenix  
  104  9:21  Stalker  
  104  9:22  Stalker  
Show
View Real Time Build Order
Export as new Build Order

SticklerMac Zerg - Winner!

Build Orders: Hatch First 

Get SALT Encoding   

  12  0:00  Drone  
  13  0:12  Overlord  
  13  0:17  Drone  
  14  0:31  Drone x2  
  16  0:36  Drone  
  17  0:53  Hatchery  
  16  0:58  Drone  
  16  0:59  Drone  
  18  1:06  Drone  
  19  1:18  Spawning Pool  
  19  1:22  Drone, Extractor  
  18  1:28  Drone  
  19  1:42  Overlord  
  19  1:54  Drone  
  20  2:06  Queen  
  20  2:07  Queen  
  24  2:08  Zergling x2  
  24  2:09  Zergling x2  
  24  2:13  Drone  
  27  2:19  Drone  
  28  2:28  Drone x2  
  31  2:37  Drone  
  31  2:38  Drone  
  32  2:44  Lair  
  32  2:56  Queen  
  33  3:03  Hatchery  
  32  3:06  Drone  
  32  3:07  Drone  
  32  3:08  Drone  
  35  3:19  Drone  
  36  3:26  Overlord x3  
  36  3:34  Extractor  
  36  3:36  Extractor  
  36  3:37  Extractor  
  33  3:42  Pneumatized Carapace  
  33  3:54  Drone x4  
  33  3:55  Drone x2  
  39  4:04  Drone  
  39  4:05  Drone x2  
  39  4:06  Drone  
  39  4:24  Spore Crawler  
  38  4:25  Spore Crawler, Queen  
  38  4:27  Spore Crawler  
  38  4:29  Spore Crawler  
  37  4:34  Drone  
  37  4:35  Drone  
  37  4:37  Drone  
  40  4:40  Drone  
  41  4:47  Drone  
  41  4:48  Drone  
  41  4:49  Drone  
  44  5:03  Spire  
  44  5:09  Spire  
  43  5:18  Queen  
  43  5:19  Zergling x4  
  43  5:20  Drone  
  48  5:22  Drone  
  48  5:25  Drone  
  48  5:27  Drone  
  51  5:31  Drone  
  51  5:33  Drone  
  53  5:37  Drone x2  
  55  5:49  Drone x5  
  60  5:51  Drone  
  60  5:57  Overlord  
  61  6:00  Drone x3  
  64  6:15  Drone  
  66  6:18  Drone  
  66  6:19  Drone x2  
  66  6:20  Overlord  
  66  6:21  Overlord x3  
  66  6:24  Mutalisk  
  70  6:26  Mutalisk  
  72  6:37  Overseer  
  72  6:41  Mutalisk x2  
  72  6:42  Mutalisk x3  
  72  6:44  Mutalisk  
  79  7:04  Mutalisk x3  
  79  7:05  Mutalisk x5  
  94  7:17  Mutalisk x2  
  94  7:19  Drone  
  94  7:20  Drone x5  
  94  7:21  Drone x2  
  106  7:24  Overlord  
  106  7:26  Overlord  
  106  7:42  Overlord  
  106  7:43  Overlord x3  
  106  7:45  Mutalisk x3  
  112  7:54  Drone x2  
  112  7:55  Drone x3  
  112  7:57  Extractor  
  112  7:58  Mutalisk x2, Extractor  
  119  8:10  Mutalisk  
  121  8:28  Mutalisk x2  
  123  8:43  Zergling x20  
  123  8:44  Zergling x10  
  138  9:07  Mutalisk x3  
  142  9:14  Hatchery  
  141  9:20  Mutalisk  
  141  9:21  Mutalisk  
  145  9:24  Zergling x2  
  145  9:27  Overlord x4  
Tags
 
Add a new tag
Caveats
  • Supply blocks, unpowered buildings, or Contaminate may cause inaccurate times.
  • Supply counts are checked every 10 seconds.